AoeStats
← jona_arratia

Arena

508488825Analyzed
1v1 RM · 11d ago on Sep 22, 2026· 30m 37s· 2 players
Game mode
Random Map
Map size
Tiny (2 player)
Population
200
Speed
Normal
Resources
Standard
Victory
Conquest
Starting age
Dark Age
Ending age
Imperial Age
RankedLock teamsTeams togetherTeam positionsShared explorationLock speedFull tech treeHidden civsTurbo modeCheats
Victory
Defeat
🇨🇱 Celts · Chile
670
+18
🇨🇱 Malay · Chile
710
-34
jona_arratia
1:55 Loom
9:54 Feudal Age
9:18 Loom
11:52 Double-Bit Axe
12:22 Horse Collar
14:11 Wheelbarrow
13:29 Town Watch
26:36 Castle Age
25:19 Gold Mining
25:24 Stone Mining
cdlm
5:11 Loom
10:38 Feudal Age
11:24 Horse Collar
11:31 Double-Bit Axe
13:34 Town Watch
19:01 Castle Age
17:23 Stone Mining
17:27 Gold Mining
17:47 Padded Archer Armor
17:37 Fletching
21:26 Stone Shaft Mining
24:00 Bow Saw
25:23 Wheelbarrow
24:31 Elite Skirmisher
24:33 Pikeman
26:30 Town Patrol
29:19 Hand Cart
Connection lost

Rejoining the realm…

Still unreachable

The connection could not be restored.

Session expired

The server has moved on; the page needs a fresh start.